 Dungeon Crawl Stone Soup version 0.27.1-3-gb3d3a73c9e (webtiles) character file.

Game seed: 531199914509774559

107 barney the Changer (level 4, -34/35 HPs)
             Began as a Draconian Transmuter on Oct 5, 2021.
             Killed by an exploding adder (35 damage)
             ... ignited by their inner flame
             ... on level 3 of the Dungeon.
             The game lasted 00:02:51 (2591 turns).

barney the Changer (Draconian Transmuter)           Turns: 2591, Time: 00:02:52

Health: -34/35     AC:  2    Str: 13    XL:     4   Next: 57%
Magic:  4/7        EV: 19    Int: 14    God:
Gold:   72         SH:  5    Dex: 16    Spells: 1/7 levels left

rFire    . . .     SeeInvis .     - Unarmed
rCold    . . .     Faith    .   (shield currently unavailable)
rNeg     . . .     Spirit   .   (armour unavailable)
rPois    x         Reflect  +   (helmet currently unavailable)
rElec    .         Harm     .   (cloak currently unavailable)
rCorr    .         Rampage  .   (gloves currently unavailable)
Will     .....                  (boots currently unavailable)
Stlth    +.........             c - amulet of reflection
HPRegen  0.11/turn              (no ring)
MPRegen  0.10/turn              (no ring)

@: lethally poisoned (-34 -> -37), spider-form (expiring)
A: venomous fangs, AC +5, tiny, unfitting armour, (cold-blooded)
a: End Transformation


You were on level 3 of the Dungeon.
You were a venomous arachnid creature.
You visited 1 branch of the dungeon, and saw 3 of its levels.

You collected 72 gold pieces.

Inventory:

Jewellery
 c - an amulet of reflection (around neck)


   Skills:
 - Level 1.1 Fighting
 - Level 1.7 Dodging
 - Level 3.0 Unarmed Combat
 - Level 2.0 Spellcasting
 + Level 4.9 Transmutations


You had one spell level left.
You knew the following spells:

 Your Spells              Type           Power      Damage    Failure   Level
a - Beastly Appendage     Tmut           30%        N/A       11%         1
b - Spider Form           Tmut/Pois      4%         N/A       47%         3
c - Wereblood             Tmut           15%        N/A       14%         2

Your spell library contained the following spells:

 Spells                   Type           Power      Damage    Failure   Level
 Portal Projectile        Hex/Tloc       2%         N/A       77%         3
 Ice Form                 Ice/Tmut       8%         N/A       83%         4
 Blade Hands              Tmut           7%         N/A       83%         5
 Excruciating Wounds      Necr           0%         N/A       100%        5


Dungeon Overview and Level Annotations

Branches:
Dungeon (3/15)

Altars:


Innate Abilities, Weirdness & Mutations

You are a venomous arachnid creature.
You have poisonous fangs.
You are tiny and dextrous.
Your spellcasting is less reliable in this form.
Your armour is entirely melded.
You are incapable of wielding weapons or throwing items.
((Your plain brown scales are hard. (AC +5)))
You cannot fit into any form of body armour.
((You are cold-blooded and may be slowed by cold attacks.))


Message History

You feel very sick. The adder bites you.
You barely miss the adder.
The adder is moderately wounded.
You feel sick. The adder closely misses you.
You closely miss the adder.
The adder is moderately wounded.
You feel sick. The adder closely misses you. The adder bites you.
You are lethally poisoned!
The adder poisons you!
You feel very sick. You block the orc warrior's attack.
Found a stone staircase leading down.
* * * LOW HITPOINT WARNING * * *
You feel very sick.
The adder looks more healthy.
Your transformation is almost over.
* * * LOW HITPOINT WARNING * * *
You feel sick. The adder misses you.
* * * LOW HITPOINT WARNING * * *
You feel sick.
* * * LOW HITPOINT WARNING * * *
You feel sick.
You aren't carrying any potions.
As you read the scroll labelled BETI BOBRAHOA, it crumbles to dust.
The creatures around you are filled with an inner flame!
It was a scroll of immolation.
* * * LOW HITPOINT WARNING * * *
You feel sick. The adder closely misses you. You block the adder's attack.
* * * LOW HITPOINT WARNING * * *
You feel sick.
You bite the adder!
Flame seeps out of the adder.
The adder is almost dead.
* * * LOW HITPOINT WARNING * * *
You feel sick.
The adder is engulfed in blazing flames.
The adder explodes!
The fiery explosion engulfs you!!
Ouch! That really hurt!
You die...

.### ### #.#.# #..
#.#.#. #.# #.#.#.#
#.# #.#.#.#.
#.###.#.#.#.#
#.#..#.#.#.#.
#########.....#.#.#.#
#...s○o.oo.#.#.#.#.#.
#>#######.....#.#.#.#
#.#.##.#.#o#
#o#.#.#.#o#.#
#####o#.##.#.#.#.
#.......###......
#.###...o.o..##..
#.######## .. #.$ ..


You could see an orc warrior (inner flame) and 2 orcs.

Vanquished Creatures
  Terence (D:2)
  Robin (D:2)
  2 adders
  4 dart slugs
  2 endoplasms (D:1)
  3 giant cockroaches
  9 goblins
  5 hobgoblins
  6 jackals
  2 quokkas (D:1)
  5 ball pythons
  3 bats
  5 frilled lizards
  2 kobolds (D:2)
  3 rats (D:2)
53 creatures vanquished.

Notes
Turn   | Place    | Note
-------+----------+-------------------------------------------
     0 | D:1      | barney the Draconian Transmuter began the quest for the
                  | Orb.
     0 | D:1      | Reached XP level 1. HP: 16/16 MP: 3/3
   313 | D:1      | Reached XP level 2. HP: 9/23 MP: 5/5
   518 | D:1      | Reached skill level 3 in Transmutations
   651 | D:1      | Found a faded altar of an unknown god.
  1604 | D:2      | Reached XP level 3. HP: 28/28 MP: 4/6
  2095 | D:2      | Noticed Robin
  2105 | D:2      | Reached skill level 4 in Transmutations
  2158 | D:2      | Learned a level 3 spell: Spider Form
  2161 | D:2      | Learned a level 2 spell: Wereblood
  2223 | D:2      | Killed Robin
  2224 | D:2      | Reached XP level 4. HP: 29/35 MP: 3/7
  2307 | D:2      | Noticed Terence
  2316 | D:2      | Killed Terence
  2562 | D:3      | Noticed an orc warrior
  2591 | D:3      | HP: 1/35 [poisoned by an adder]
  2591 | D:3      | Killed by an exploding adder... ignited by their inner
                  | flame

Illustrated notes

Levels and vault maps discovered:
D:1:      grunt_arrival_crossed_arrows, layout_loops_ring,
          shapermc_ecumenical_altar_notcrosses, hangedman_decor_push
D:2:      layout_basic, uniq_terence, uniq_robin
D:3:      layout_loops_ring, serial_shops, shop, minivault_23, st_stairs_14,
          minmay_box_of_dots, uniq_grinder

Skill      XL: |  1  2  3 |
---------------+----------+-----
Transmutations | 3 4 |  4.9
Fighting       | |  1.1
Dodging        | |  1.7
Unarmed Combat | |  3.0
Spellcasting   | |  2.0

Action                   |  1- 3 |  4- 6 || total
-------------------------+-------+-------++-------
Melee: Unarmed           |   143 |    20 ||   163
       Tailslap          |    10 |       ||    10
       Kick              |    15 |       ||    15
       Headbutt          |     7 |       ||     7
 Cast: Beastly Appendage |    28 |     3 ||    31
       Spider Form       |     1 |     4 ||     5
  Use: Scroll            |     2 |     1 ||     3
Armor: Skin              |    59 |     2 ||    61
Dodge: Dodged            |   117 |    23 ||   140
Block: Other             |    17 |     7 ||    24
